 Dungeon Crawl Stone Soup version 0.23-a0-182-g58cdd98 (console) character file.

80 Voker57 the Slasher (level 4, -6/34 HPs)
             Began as a Demonspawn Gladiator on Sept 4, 2018.
             Was a Believer of Uskayaw.
             Mangled by a hobgoblin
             ... wielding a +0 club
             ... led by Robin
              (9 damage)
             ... on level 2 of the Dungeon on Sept 20, 2018.
             The game lasted 00:02:04 (1310 turns).

Voker57 the Slasher (Demonspawn Gladiator)          Turns: 1310, Time: 00:02:05

Health: -6/34      AC:  4    Str: 19    XL:     4   Next: 18%
Magic:  1/4        EV: 13    Int: 10    God:    Uskayaw [**....]
Gold:   57         SH:  0    Dex: 15    Spells: 3/3 levels left

rFire    . . .     SeeInvis .   a - +0 long sword
rCold    . . .     Gourm    .   (no shield)
rNeg     . . .     Faith    .   b - +0 leather armour
rPois    .         Spirit   .   c - +0 helmet
rElec    .         Reflect  .   (no cloak)
rCorr    .         Harm     .   (no gloves)
MR       .....                  (no boots)
Stlth    +.........             (no amulet)
HPRegen  0.11/turn              (no ring)
MPRegen  0.09/turn              (no ring)

@: mighty
A: claws 1, rot immunity
a: Stomp, Line Pass, Renounce Religion


You were on level 2 of the Dungeon.
You worshipped Uskayaw.
Uskayaw was noncommittal.
You were hungry.

You visited 1 branch of the dungeon, and saw 2 of its levels.

You collected 57 gold pieces.

Inventory:

Hand Weapons
 a - a +0 long sword (weapon)
Missiles
 d - 3 throwing nets (quivered)
Armour
 b - a +0 leather armour (worn)
 c - a +0 helmet (worn)
Wands
 e - a wand of random effects (6)
Potions
 g - a potion of magic
Comestibles
 f - 2 rations


   Skills:
 + Level 2.7 Fighting
 + Level 3.4 Long Blades
 - Level 1.8 Throwing
 - Level 0.6 Armour
 + Level 3.3 Dodging
 + Level 0.4 Invocations


You had 3 spell levels left.
You didn't know any spells.
Your spell library was empty.

Dungeon Overview and Level Annotations

Branches:
Dungeon (2/15)

Altars:
Uskayaw

Annotations:
D:2 Robin


Innate Abilities, Weirdness & Mutations

You have sharp fingernails.
You are immune to rotting.


Message History

The hobgoblin is heavily wounded.
You slash the goblin!
You kill the goblin!
The hobgoblin no longer looks unusually strong.
The hobgoblin closely misses you.
Robin roars a battlecry!
The goblins go into a battle-frenzy!
The goblin hits you with a club.
* * * LOW HITPOINT WARNING * * *
It was a potion of might.
You feel very mighty all of a sudden.
Robin roars a battlecry!
The goblin goes into a battle-frenzy!
The goblin hits you with a club.
* * * LOW HITPOINT WARNING * * *
The hobgoblin hits you but does no damage.
You barely miss the goblin.
The goblin no longer looks unusually strong.
The hobgoblin hits you with a club!
You die...

b..g #..# . #..#### ##.
#.....# #g. ....#.# #g#
#.....## #g# #..#...##
#.# .......<####.### #
#>##.......†.gg###.#####
##.##.######†#gg@g......
#.###.# #.#####.#####
.####(# #.# # ......#
#.# ...#..######.#
##.#......##.#
#.#.........#
#.######.#### #.# #.#
#.# #.#


You could see Robin, a hobgoblin and 3 goblins.

Vanquished Creatures
  4 adders (D:2)
  A dart slug (D:2)
  A leopard gecko (D:1)
  5 bats
  2 giant cockroaches
  9 goblins
  7 hobgoblins
  A frilled lizard (D:1)
  5 kobolds
  A rat (D:1)
36 creatures vanquished.

Notes
Turn   | Place    | Note
-------+----------+-------------------------------------------
     0 | D:1      | Voker57 the Demonspawn Gladiator began the quest for the
                  | Orb.
     0 | D:1      | Reached XP level 1. HP: 16/16 MP: 1/1
    44 | D:1      | Upgraded the game from 0.23-a0-143-g1adec7b to
                  | 0.23-a0-182-g58cdd98
   136 | D:1      | Gained mutation: You are immune to rotting. [demonic
                  | ancestry]
   136 | D:1      | Reached XP level 2. HP: 17/22 MP: 2/2
   677 | D:2      | Gained mutation: You have sharp fingernails. [demonic
                  | ancestry]
   677 | D:2      | Reached XP level 3. HP: 14/27 MP: 3/3
  1167 | D:2      | Found a hide-covered altar of Uskayaw.
  1196 | D:2      | Became a worshipper of Uskayaw the Reveler
  1281 | D:2      | Noticed Robin
  1288 | D:2      | Reached * piety under Uskayaw
  1293 | D:2      | Reached XP level 4. HP: 19/34 MP: 4/4
  1293 | D:2      | Reached ** piety under Uskayaw
  1310 | D:2      | Mangled by a hobgoblin

Vault maps used:
D:1:      sevenhm_arrival_forest_fort_large_4
D:2:      lemuel_doored_altar, minmay_misc_feat_rugged, uniq_robin

Skill      XL: |  1  2 |
---------------+-------+-----
Long Blades    | 3 |  3.4
Dodging        | 3 |  3.3
Fighting       | |  2.7
Throwing       | |  1.8
Armour         | |  0.6
Invocations    | |  0.4

Action                   |  1- 3 |  4- 6 || total
-------------------------+-------+-------++-------
Melee: Long sword        |    84 |    11 ||    95
Invok: Line Pass         |       |     1 ||     1
  Use: Scroll            |     1 |       ||     1
       Potion            |       |     1 ||     1
  Eat: Chunk             |     1 |       ||     1
Armor: Leather armour    |    31 |     3 ||    34
Dodge: Dodged            |    68 |    15 ||    83
       Rpst.: Long sword |    26 |     6 ||    32

Table legend:
 A = Non-vault XP
 B = Vault XP
 C = Vault XP percentage of total XP
 D = Non-vault monster count
 E = Vault monster count
 F = Vault count percentage of total count
                 A         B        C        D         E       F
            +---------+---------+-------+---------+---------+-------
      Total |     106 |       9 |   7.8 |      31 |       5 |  13.9
            +---------+---------+-------+---------+---------+-------
        D:1 |      27 |       0 |   0.0 |      16 |       0 |   0.0
        D:2 |      79 |       9 |  10.2 |      15 |       5 |  25.0
            +---------+---------+-------+---------+---------+-------
